| TOP OF THE 1ST |
|
Lansing Lugnuts batting - Pitching for Beloit Snappers : RHP Chad Cooper
|
|
Pitching: RHP Chad Cooper
|
|
|
Batting: LHB Danny Bailey
|
0-0: Called Strike 0-1: Ball 1-1: Foul Ball, location: 2F 1-2: Ball 2-2: Strikes out swinging
|
|
Batting: RHB Dylan Phillips
|
0-0: Ball 1-0: Ground out 6-3 (Groundball, 6, EV 80.0 MPH)
|
|
Batting: RHB James Boynton
|
0-0: Ball 1-0: Called Strike 1-1: Ball 2-1: Foul Ball, location: 2F 2-2: Ball 3-2: Strikes out swinging
|
| Top of the 1st over - 0 runs, 0 hits, 0 errors, 0 left on base; Lansing 0 - Beloit 0 |
| BOTTOM OF THE 1ST |
|
Beloit Snappers batting - Pitching for Lansing Lugnuts : RHP Takehide Tanaka
|
|
Pitching: RHP Takehide Tanaka
|
|
|
Batting: RHB Manny Moron
|
0-0: Ball 1-0: Foul Ball, location: 2F 1-1: Ball 2-1: Reached on error, E6 (Groundball, 6, EV 105.0 MPH)
|
|
Batting: LHB Oscar Curiel
|
0-0: Swinging Strike 0-1: SINGLE (Groundball, 34D, EV 110.6 MPH) (infield hit) Manny Moron to second
|
|
Pinch Runner at 1st Marcus Pollard:
|
|
|
Batting: LHB Nate Melendez
|
0-0: Called Strike 0-1: Ball 1-1: Ball 2-1: Fly out, F8 (Flyball, 8RS, EV 83.1 MPH)
|
|
Batting: RHB Rafael Alarcon
|
0-0: Swinging Strike 0-1: Called Strike 0-2: Foul Ball, location: 2F 0-2: Ball 1-2: Ball 2-2: SINGLE (Line Drive, 4MD, EV 93.8 MPH) Manny Moron to third Marcus Pollard to second Runner from 3rd tries for Home, SAFE, throw by CF to home Marcus Pollard to third Rafael Alarcon to second
|
|
Batting: RHB Walt Alaniz
|
0-0: SINGLE (Flyball, 6D, EV 94.4 MPH) Marcus Pollard scores Rafael Alarcon to third
|
|
Batting: RHB Chris Temple
|
0-0: Swinging Strike 0-1: Ball 1-1: Grounds into double play, 5-4-3 (Groundball, 56S, EV 80.0 MPH)
|
| Bottom of the 1st over - 2 runs, 3 hits, 1 error, 1 left on base; Lansing 0 - Beloit 2 |
| TOP OF THE 2ND |
|
Lansing Lugnuts batting - Pitching for Beloit Snappers : RHP Chad Cooper
|
|
Now in RF: Moses Brokken
|
|
|
Batting: LHB Marc Carter
|
0-0: Called Strike 0-1: Ball 1-1: Foul Ball, location: 2F 1-2: Ball 2-2: Ball 3-2: DOUBLE (Groundball, 3L, EV 106.9 MPH)
|
|
Batting: RHB Freddy Quintero
|
0-0: Ball 1-0: Swinging Strike 1-1: Called Strike 1-2: Strikes out looking
|
|
Batting: RHB Butch Koglin
|
0-0: Swinging Strike 0-1: Called Strike 0-2: Ball 1-2: Fly out, F8 (Line Drive, 8LD, EV 87.5 MPH)
|
|
Batting: RHB Carlos Renteria
|
0-0: Ball 1-0: Ground out 6-3 (Groundball, 6, EV 103.1 MPH)
|
| Top of the 2nd over - 0 runs, 1 hit, 0 errors, 1 left on base; Lansing 0 - Beloit 2 |
| BOTTOM OF THE 2ND |
|
Beloit Snappers batting - Pitching for Lansing Lugnuts : RHP Takehide Tanaka
|
|
Batting: RHB Shannon Beck
|
0-0: Called Strike 0-1: Called Strike 0-2: Foul Ball, location: 2F 0-2: Ball 1-2: Strikes out swinging
|
|
Batting: RHB Mike Gangi
|
0-0: Foul Ball, location: 2F 0-1: Foul Ball, location: 2F 0-2: Ball 1-2: Ball 2-2: Fly out, F8 (Flyball, 78M, EV 96.9 MPH)
|
|
Batting: RHB Tim Anderson
|
0-0: Ground out 5-3 (Groundball, 5L, EV 98.8 MPH)
|
| Bottom of the 2nd over - 0 runs, 0 hits, 0 errors, 0 left on base; Lansing 0 - Beloit 2 |
| TOP OF THE 3RD |
|
Lansing Lugnuts batting - Pitching for Beloit Snappers : RHP Chad Cooper
|
|
Batting: LHB Roger Escareno
|
0-0: Ball 1-0: Ball 2-0: Called Strike 2-1: Foul Ball, location: 2F 2-2: Ball 3-2: Foul Ball, location: 2F 3-2: Ground out 5-3 (Groundball, 6S, EV 71.9 MPH)
|
|
Batting: RHB Brian Manson
|
0-0: Ball 1-0: Foul Ball, location: 2F 1-1: DOUBLE (Groundball, 5L, EV 110.0 MPH)
|
|
Batting: LHB Danny Bailey
|
0-0: Ball 1-0: Ball 2-0: Foul Ball, location: 2F 2-1: Fly out, F8 (Flyball, 8RM, EV 85.6 MPH)
|
|
Batting: RHB Dylan Phillips
|
0-0: Fly out, F3 (Popup, 3F, EV 76.2 MPH)
|
| Top of the 3rd over - 0 runs, 1 hit, 0 errors, 1 left on base; Lansing 0 - Beloit 2 |
| BOTTOM OF THE 3RD |
|
Beloit Snappers batting - Pitching for Lansing Lugnuts : RHP Takehide Tanaka
|
|
Batting: RHB Manny Moron
|
0-0: Ball 1-0: Foul Ball, location: 2F 1-1: Foul Ball, location: 2F 1-2: Strikes out swinging
|
|
Batting: RHB Moses Brokken
|
0-0: Ball 1-0: TRIPLE (Flyball, 78XD, EV 109.4 MPH)
|
|
Batting: LHB Nate Melendez
|
0-0: Foul Ball, location: 2F 0-1: Swinging Strike 0-2: Ball 1-2: Ball 2-2: Strikes out looking
|
|
Batting: RHB Rafael Alarcon
|
0-0: Called Strike 0-1: Ball 1-1: Ground out 4-3 (Groundball, 13, EV 81.9 MPH)
|
| Bottom of the 3rd over - 0 runs, 1 hit, 0 errors, 1 left on base; Lansing 0 - Beloit 2 |
| TOP OF THE 4TH |
|
Lansing Lugnuts batting - Pitching for Beloit Snappers : RHP Chad Cooper
|
|
Batting: RHB James Boynton
|
0-0: Ball 1-0: SOLO HOME RUN (Flyball, 78XD, EV 98.8 MPH), Distance : 391 ft
|
|
Batting: LHB Marc Carter
|
0-0: Foul Ball, location: 2F 0-1: Called Strike 0-2: Ball 1-2: Strikes out looking
|
|
Batting: RHB Freddy Quintero
|
0-0: Ball 1-0: Fly out, F9 (Flyball, 9LS, EV 90.0 MPH)
|
|
Batting: RHB Butch Koglin
|
0-0: Called Strike 0-1: Ground out 3-1 (Groundball, 34S, EV 91.2 MPH)
|
| Top of the 4th over - 1 run, 1 hit, 0 errors, 0 left on base; Lansing 1 - Beloit 2 |
| BOTTOM OF THE 4TH |
|
Beloit Snappers batting - Pitching for Lansing Lugnuts : RHP Takehide Tanaka
|
|
Batting: RHB Walt Alaniz
|
0-0: Ball 1-0: Foul Ball, location: 2F 1-1: Swinging Strike 1-2: Strikes out swinging
|
|
Batting: RHB Chris Temple
|
0-0: DOUBLE (Groundball, 5L, EV 96.9 MPH)
|
|
Batting: RHB Shannon Beck
|
0-0: Ball 1-0: Called Strike 1-1: Ball 2-1: Foul Ball, location: 2F 2-2: Strikes out swinging
|
|
Batting: RHB Mike Gangi
|
0-0: Called Strike 0-1: Swinging Strike 0-2: Ball 1-2: Strikes out swinging
|
| Bottom of the 4th over - 0 runs, 1 hit, 0 errors, 1 left on base; Lansing 1 - Beloit 2 |
| TOP OF THE 5TH |
|
Lansing Lugnuts batting - Pitching for Beloit Snappers : RHP Chad Cooper
|
|
Batting: RHB Carlos Renteria
|
0-0: Called Strike 0-1: SINGLE (Groundball, 34S, EV 66.2 MPH) (infield hit)
|
|
Batting: LHB Roger Escareno
|
0-0: Foul Ball, location: 2F 0-1: Foul Ball, location: 2F 0-2: Ball 1-2: SINGLE (Groundball, 4MD, EV 101.2 MPH) Carlos Renteria to second Carlos Renteria to third
|
|
Batting: RHB Brian Manson
|
0-0: SINGLE (Groundball, 56, EV 94.4 MPH) Carlos Renteria scores Roger Escareno to second
|
|
Batting: LHB Danny Bailey
|
0-0: Ball 1-0: Ball 2-0: Ball 3-0: Called Strike 3-1: Base on Balls Roger Escareno to third Brian Manson to second
|
|
Batting: RHB Dylan Phillips
|
0-0: Called Strike 0-1: Ball 1-1: Called Strike 1-2: Strikes out swinging
|
|
Batting: RHB James Boynton
|
0-0: Ball 1-0: Called Strike 1-1: Ball 2-1: Ball 3-1: Base on Balls Roger Escareno scores Brian Manson to third Danny Bailey to second
|
|
Batting: LHB Marc Carter
|
0-0: Called Strike 0-1: Swinging Strike 0-2: Ball 1-2: Grounds into fielders choice 5-2 (Groundball, 25, EV 83.8 MPH) Danny Bailey to third James Boynton to second
|
|
Batting: RHB Freddy Quintero
|
0-0: Ground out 4-3 (Groundball, 34, EV 85.0 MPH)
|
| Top of the 5th over - 2 runs, 3 hits, 0 errors, 3 left on base; Lansing 3 - Beloit 2 |
| BOTTOM OF THE 5TH |
|
Beloit Snappers batting - Pitching for Lansing Lugnuts : RHP Takehide Tanaka
|
|
Batting: RHB Tim Anderson
|
0-0: Ball 1-0: Foul Ball, location: 2F 1-1: Swinging Strike 1-2: Ball 2-2: Strikes out looking
|
|
Batting: RHB Manny Moron
|
0-0: Called Strike 0-1: Called Strike 0-2: SINGLE (Flyball, 78S, EV 89.4 MPH)
|
|
Batting: RHB Moses Brokken
|
0-0: Ball 1-0: Foul Ball, location: 2F 1-1: Ball 2-1: Called Strike 2-2: Strikes out swinging
|
|
Batting: LHB Nate Melendez
|
0-0: Called Strike Manny Moron is caught stealing 2nd base 2-6
|
| Bottom of the 5th over - 0 runs, 1 hit, 0 errors, 0 left on base; Lansing 3 - Beloit 2 |
| TOP OF THE 6TH |
|
Lansing Lugnuts batting - Pitching for Beloit Snappers : RHP Chad Cooper
|
|
Batting: RHB Butch Koglin
|
0-0: Ground out 6-3 (Groundball, 6S, EV 64.4 MPH)
|
|
Batting: RHB Carlos Renteria
|
0-0: SINGLE (Groundball, 34D, EV 102.5 MPH)
|
|
Batting: LHB Roger Escareno
|
0-0: Called Strike Carlos Renteria is caught stealing 2nd base 2-6 0-1: Foul Ball, location: 2F 0-2: Foul Ball, location: 2F 0-2: Strikes out looking
|
| Top of the 6th over - 0 runs, 1 hit, 0 errors, 0 left on base; Lansing 3 - Beloit 2 |
| BOTTOM OF THE 6TH |
|
Beloit Snappers batting - Pitching for Lansing Lugnuts : RHP Takehide Tanaka
|
|
Batting: LHB Nate Melendez
|
0-0: Fly out, F7 (Flyball, 7S, EV 93.1 MPH)
|
|
Batting: RHB Rafael Alarcon
|
0-0: Called Strike 0-1: Foul Ball, location: 2F 0-2: Foul Ball, location: 2F 0-2: Ball 1-2: Fly out, F7 (Flyball, 7S, EV 90.6 MPH)
|
|
Batting: RHB Walt Alaniz
|
0-0: Called Strike 0-1: Foul Ball, location: 2F 0-2: Foul Ball, location: 2F 0-2: Hit by Pitch
|
|
Batting: RHB Chris Temple
|
0-0: Ball 1-0: Fly out, F7 (Line Drive, 78M, EV 87.5 MPH)
|
| Bottom of the 6th over - 0 runs, 0 hits, 0 errors, 1 left on base; Lansing 3 - Beloit 2 |
| TOP OF THE 7TH |
|
Lansing Lugnuts batting - Pitching for Beloit Snappers : RHP Chad Cooper
|
|
Pitching: RHP Kyle Rasor
|
|
|
Pinch Hitting: LHB Chris Munguia
|
0-0: Foul Ball, location: 2F 0-1: Called Strike 0-2: Strikes out swinging
|
|
Batting: LHB Danny Bailey
|
0-0: Called Strike 0-1: Fly out, F8 (Flyball, 8RD, EV 106.2 MPH)
|
|
Batting: RHB Dylan Phillips
|
0-0: Ground out 4-3 (Groundball, 4S, EV 63.1 MPH)
|
| Top of the 7th over - 0 runs, 0 hits, 0 errors, 0 left on base; Lansing 3 - Beloit 2 |
| BOTTOM OF THE 7TH |
|
Beloit Snappers batting - Pitching for Lansing Lugnuts : RHP Takehide Tanaka
|
|
Now at 3B: Jamie Ogilvie
|
|
|
Now in LF: Danny Bailey
|
|
|
Now in CF: Dan Hilyer
|
|
|
Batting: RHB Shannon Beck
|
0-0: Ball 1-0: Swinging Strike 1-1: Ball 2-1: Called Strike 2-2: Strikes out looking
|
|
Batting: RHB Mike Gangi
|
0-0: Ground out U3 (Groundball, 34, EV 76.2 MPH)
|
|
Pinch Hitting: LHB Alejandro Muniz
|
0-0: Swinging Strike 0-1: Ball 1-1: Ball 2-1: Ground out 4-3 (Groundball, 4, EV 80.6 MPH)
|
| Bottom of the 7th over - 0 runs, 0 hits, 0 errors, 0 left on base; Lansing 3 - Beloit 2 |
| TOP OF THE 8TH |
|
Lansing Lugnuts batting - Pitching for Beloit Snappers : RHP Kyle Rasor
|
|
Now at SS: Emiel Schlepers
|
|
|
Batting: RHB James Boynton
|
0-0: Called Strike 0-1: Ball 1-1: Foul Ball, location: 2F 1-2: Ball 2-2: Ball 3-2: Foul Ball, location: 2F 3-2: Ground out 6-3 (Groundball, 56, EV 109.4 MPH)
|
|
Batting: LHB Marc Carter
|
0-0: Ball 1-0: Ground out 4-3 (Groundball, 34, EV 103.1 MPH)
|
|
Batting: RHB Freddy Quintero
|
0-0: Ball 1-0: Foul Ball, location: 2F 1-1: SINGLE (Line Drive, 56, EV 95.0 MPH)
|
|
Batting: RHB Butch Koglin
|
0-0: Ball 1-0: Foul Ball, location: 2F 1-1: Ball 2-1: Foul Ball, location: 2F 2-2: Strikes out swinging
|
| Top of the 8th over - 0 runs, 1 hit, 0 errors, 1 left on base; Lansing 3 - Beloit 2 |
| BOTTOM OF THE 8TH |
|
Beloit Snappers batting - Pitching for Lansing Lugnuts : RHP Takehide Tanaka
|
|
Now at 1B: Rodrigo Briceno
|
|
|
Now in LF: Dan Hilyer
|
|
|
Now in CF: Ricky Carbajal
|
|
|
Now in RF: Timo Gomez
|
|
|
Batting: RHB Manny Moron
|
0-0: Ball 1-0: Ground out 4-3 (Groundball, 4, EV 76.9 MPH)
|
|
Batting: RHB Moses Brokken
|
0-0: Ball 1-0: Ball 2-0: Called Strike 2-1: Called Strike 2-2: Strikes out swinging
|
|
Batting: LHB Nate Melendez
|
0-0: Ball 1-0: Called Strike 1-1: Ground out 4-3 (Groundball, 4M, EV 98.1 MPH)
|
| Bottom of the 8th over - 0 runs, 0 hits, 0 errors, 0 left on base; Lansing 3 - Beloit 2 |
| TOP OF THE 9TH |
|
Lansing Lugnuts batting - Pitching for Beloit Snappers : RHP Kyle Rasor
|
|
Pinch Hitting: LHB Tony Vitela
|
0-0: Ball 1-0: Called Strike 1-1: Fly out, F7 (Line Drive, 78M, EV 98.8 MPH)
|
|
Batting: RHB Jamie Ogilvie
|
0-0: SOLO HOME RUN (Flyball, 7LD, EV 93.8 MPH), Distance : 336 ft
|
|
Batting: RHB Dan Hilyer
|
0-0: Foul Ball, location: 2F 0-1: Ball 1-1: Foul Ball, location: 2F 1-2: Foul Ball, location: 2F 1-2: Ball 2-2: Ball 3-2: Foul Ball, location: 2F 3-2: Strikes out swinging
|
|
Batting: LHB Timo Gomez
|
0-0: Ball 1-0: Ball 2-0: Ball 3-0: Base on Balls
|
|
Batting: RHB Dylan Phillips
|
0-0: Called Strike Timo Gomez steals 2nd base (no throw) 0-1: Ball 1-1: Called Strike 1-2: Ground out 5-3 (Groundball, 56S, EV 79.4 MPH)
|
| Top of the 9th over - 1 run, 1 hit, 0 errors, 1 left on base; Lansing 4 - Beloit 2 |
| BOTTOM OF THE 9TH |
|
Beloit Snappers batting - Pitching for Lansing Lugnuts : RHP Takehide Tanaka
|
|
Pitching: RHP Andres de Leon
|
|
|
Now at SS: Elliot Manfredini
|
|
|
Batting: RHB Rafael Alarcon
|
0-0: Swinging Strike 0-1: Foul Ball, location: 2F 0-2: Ball 1-2: Ball 2-2: Strikes out looking
|
|
Batting: RHB Walt Alaniz
|
0-0: Fly out, F7 (Flyball, 7LSF, EV 84.4 MPH)
|
|
Batting: RHB Chris Temple
|
0-0: Foul Ball, location: 2F 0-1: Called Strike 0-2: Ball 1-2: Ball 2-2: Ground out 5-3 (Groundball, 56, EV 80.6 MPH)
|
| Bottom of the 9th over - 0 runs, 0 hits, 0 errors, 0 left on base; Lansing 4 - Beloit 2 |
|